 Dungeon Sprint DCSS version 0.17-a0-2069-g0f4ee5b (webtiles) character file.

777 Kidiri the Blocker (level 7, -1/47 HPs)
             Began as a Gargoyle Fighter on Oct 13, 2015.
             Was a Priest of Okawaru.
             Slain by an orc warrior
             ... wielding a +0 glaive
              (17 damage)
             ... in the Dungeon (Sprint IX: "|||||||||||||||||||||||||||||").
             The game lasted 00:02:37 (217 turns).

Kidiri the Blocker (Gargoyle Fighter)                Turns: 217, Time: 00:02:37

Health: -1/47      AC: 22    Str: 22    XL:     7   Next: 84%
Magic:  9/10       EV:  8    Int:  8    God:    Okawaru [***...]
Gold:   0          SH: 11    Dex: 12    Spells: 0 memorised, 6 levels left

rFire  . . .     SeeInvis .     a - +0 flail
rCold  . . .     Clarity  .     b - +0 plate armour
rNeg   + . .     SustAt   .     c - +0 shield
rPois  ∞         Gourm    .     r - +0 helmet
rElec  +         Spirit   .     (no cloak)
rCorr  .         Warding  .     (no gloves)
rMut   .         NoTele   +     (no boots)
MR     .....                    (no amulet)
Stlth  ..........               s - +2 ring of protection
                                q - +3 ring of dexterity

@: not resistant to hostile enchantments, extremely unstealthy
A: negative energy resistance 1, electricity resistance, unbreathing,
petrification resistance, rot immunity, AC +4
a: Heroism, Renounce Religion


You were in the Dungeon.
You worshipped Okawaru.
Okawaru was most pleased with you.
You were not hungry.

You visited 1 branch

Inventory:

Hand Weapons
 a - a +0 flail (weapon)
Armour
 b - a +0 plate armour (worn)
 c - a +0 shield (worn)
 r - a +0 helmet (worn)
Jewellery
 q - a +3 ring of dexterity (left hand)
 s - a +2 ring of protection (right hand)
Wands
 p - a wand of cold (7)
Scrolls
 k - 2 scrolls of blinking
 n - 3 scrolls of remove curse
 o - 2 scrolls of amnesia
Potions
 d - a potion of might
 f - a potion of invisibility
 g - a potion of heal wounds
 h - a potion of haste
 i - 4 potions of magic
 j - a potion of berserk rage
 m - 4 potions of curing
Comestibles
 e - a bread ration
 l - 7 chunks of flesh


   Skills:
 + Level 6.7 Fighting
 * Level 7.8 Maces & Flails
 * Level 8.9 Armour
 * Level 6.1 Dodging
 * Level 9.1 Shields
 + Level 5.0 Invocations


You had 6 spell levels left.
You didn't know any spells.

Dungeon Overview and Level Annotations

Branches:
Dungeon (1/1)

Altars:
Cheibriados
Dithmenos
Elyvilon
Fedhas
Gozag
Kikubaaqudgha
Makhleb
Nemelex Xobeh
Okawaru
Qazlal
Ru
Sif Muna
Trog
Vehumet
Xom
Yredelemnul
Zin
The Shining One
Beogh
Jiyva
Lugonu


Innate Abilities, Weirdness & Mutations

You are resistant to torment.
Your stone body is resilient (AC +4).
You are immune to poison.
You resist negative energy.
You are resistant to electric shocks.
You can survive without breathing.
You are immune to petrification.
You are immune to rotting.


Message History

The orc warrior is moderately wounded.
The orc warrior hits you but does no damage.
You sock the orc warrior!
The orc warrior is severely wounded.
You block the orc warrior's attack.
You barely miss the orc warrior.
The orc warrior is severely wounded.
You hit the orc warrior but do no damage.
The orc warrior is severely wounded.
The orc warrior hits you with a glaive.
You hit the orc warrior.
The orc warrior is almost dead.
The orc warrior hits you with a glaive!
You hit the orc warrior but do no damage.
The orc warrior is almost dead.
The orc warrior hits you with a glaive.
You closely miss the orc warrior.
The orc warrior is almost dead.
The orc warrior hits you with a glaive!
You die... ▓▓▓▓▓▓▓▓▓▓▓▓▓▓▓▓▓▓▓▓▓▓▓▓▓ ________'..|)[[.@o'...... ▓▓▓▓▓▓▓▓▓▓▓▓▓▓▓▓▓▓▓▓▓▓▓▓▓

You could see an orc warrior.

Vanquished Creatures
  A hill giant (D)
  A hippogriff (D)
  A big kobold (D)
  A quasit (D)
  2 hounds (D)
  A gnoll (D)
  An adder (D)
  An adder zombie (D)
  A bat skeleton (D)
  3 goblins (D)
  A giant newt (D)
  A rat (D)
15 creatures vanquished.

Notes
Turn   | Place    | Note
--------------------------------------------------------------
     0 | D        | Kidiri the Gargoyle Fighter began the quest for the Orb.
     0 | D        | Reached XP level 1. HP: 14/14 MP: 1/1
    59 | D        | Noticed a hound
    68 | D        | Reached skill level 4 in Armour
    68 | D        | Reached skill level 1 in Dodging
    68 | D        | Reached XP level 2. HP: 18/20 MP: 2/2
    73 | D        | Reached XP level 3. HP: 21/24 MP: 3/3
    80 | D        | Killed a hound
    80 | D        | Reached skill level 5 in Armour
    80 | D        | Reached skill level 5 in Shields
    91 | D        | Found a glowing silver altar of Zin.
    91 | D        | Found a glowing golden altar of the Shining One.
    91 | D        | Found an ancient bone altar of Kikubaaqudgha.
    91 | D        | Found a basalt altar of Yredelemnul.
    91 | D        | Found a shimmering altar of Xom.
    91 | D        | Found a radiant altar of Vehumet.
    92 | D        | Found an iron altar of Okawaru.
    93 | D        | Found a burning altar of Makhleb.
    94 | D        | Found a deep blue altar of Sif Muna.
    95 | D        | Found a bloodstained altar of Trog.
    96 | D        | Found a sparkling altar of Nemelex Xobeh.
    97 | D        | Found a white marble altar of Elyvilon.
    98 | D        | Found a roughly hewn altar of Beogh.
    99 | D        | Found a viscous altar of Jiyva.
   100 | D        | Became a worshipper of Warmaster Okawaru
   101 | D        | Found a corrupted altar of Lugonu.
   102 | D        | Found a blossoming altar of Fedhas.
   103 | D        | Found a snail-covered altar of Cheibriados.
   104 | D        | Found a shadowy altar of Dithmenos.
   105 | D        | Found a stormy altar of Qazlal.
   106 | D        | Found an opulent altar of Gozag.
   107 | D        | Found a sacrificial altar of Ru.
   153 | D        | Noticed a hound
   153 | D        | Noticed a big kobold
   153 | D        | Noticed a quasit
   153 | D        | Noticed a hippogriff
   153 | D        | Noticed a hill giant
   153 | D        | Noticed an orc warrior
   158 | D        | Killed a hound
   158 | D        | Reached skill level 1 in Invocations
   158 | D        | Reached XP level 4. HP: 30/30 MP: 4/4
   177 | D        | Killed a big kobold
   177 | D        | Reached skill level 5 in Fighting
   177 | D        | Reached skill level 5 in Maces & Flails
   177 | D        | Reached skill level 6 in Armour
   177 | D        | Reached XP level 5. HP: 31/35 MP: 4/6
   182 | D        | Killed a quasit
   193 | D        | Killed a hippogriff
   193 | D        | Reached * piety under Okawaru
   193 | D        | Reached skill level 7 in Armour
   193 | D        | Reached XP level 6. HP: 25/41 MP: 5/8
   203 | D        | Killed a hill giant
   203 | D        | Reached ** piety under Okawaru
   203 | D        | Reached *** piety under Okawaru
   203 | D        | Reached skill level 8 in Armour
   203 | D        | Reached skill level 9 in Shields
   203 | D        | Reached skill level 5 in Invocations
   203 | D        | Reached XP level 7. HP: 12/47 MP: 7/10
   217 | D        | Slain by an orc warrior

Vault maps used:
D:        linesprint

Action                   |  1- 3 |  4- 6 |  7- 9 || total
-------------------------+-------+-------+-------++-------
Melee: Flail             |    43 |    44 |    11 ||    98
  Use: Potion            |     1 |     1 |     1 ||     3
